 Dungeon Crawl Stone Soup version 0.30-a0-1114-gd936c97349 (console) character file.

Game seed: 12885037493547206396

143 petzl the Sneak (level 5, -12/41 HPs)
             Began as a Formicid Delver on Apr 20, 2023.
             Engulfed by a steam dragon's steam (13 damage)
             ... on level 6 of the Dungeon.
             The game lasted 00:18:57 (4413 turns).

petzl the Sneak (Formicid Delver)                   Turns: 4413, Time: 00:18:59

Health: -12/41     AC:  4    Str: 16    XL:     5   Next: 50%
Magic:  11/11      EV: 12    Int: 12    God:
Gold:   113        SH:  5    Dex: 15    Spells: 12/12 levels left

rFire   . . .      SeeInvis +    a - +0 sling
rCold   . . .      Faith    .    (no shield)
rNeg    . . .      Spirit   .    s - +0 leather armour
rPois   +          Reflect  +    (helmet unavailable)
rElec   .          Rampage  .    (no cloak)
rCorr   +                        t - +0 pair of gloves
Will    .....                    (no boots)
Stlth   +++                      w - amulet of reflection
HPRegen 0.26/turn                g - ring of poison resistance
MPRegen 0.12/turn                m - ring of resist corrosion

@: no status effects
A: permanent stasis, dig shafts and tunnels, antennae 3, four strong arms
a: Dig, Shaft Self


You were on level 6 of the Dungeon.
You visited 1 branch of the dungeon, and saw 7 of its levels.

You collected 188 gold pieces.
You spent 75 gold pieces at shops.

Inventory:

Hand Weapons
 a - a +0 sling (weapon)
 b - a +2 whip of draining
 x - a +0 eveningstar
Missiles
 h - 6 javelins
 k - 2 curare-tipped darts
 v - 3 poisoned darts
Armour
 s - a +0 leather armour (worn)
 t - a +0 pair of gloves (worn)
Jewellery
 g - a ring of poison resistance (left hand)
 j - a ring of fire
 m - a ring of resist corrosion (right hand)
 w - an amulet of reflection (around neck)
Wands
 f - a wand of digging (3)
Scrolls
 c - a scroll of fog
 d - a scroll of amnesia {unknown}
 e - 2 scrolls of fear
 l - a scroll of immolation
Potions
 n - a potion of ambrosia {unknown}
 o - a potion of lignification {unknown}
 p - a potion of mutation {unknown}
 r - 3 potions of curing
 u - a potion of cancellation {unknown}
 z - 2 potions of haste {unknown}


   Skills:
 - Level 3.2 Fighting
 - Level 2.0 Maces & Flails
 + Level 1.8 Ranged Weapons
 - Level 1.7 Dodging
 - Level 6.0 Stealth
 + Level 4.2 Spellcasting


You had 12 spell levels left.
You didn't know any spells.
Your spell library contained the following spells:

 Spells                   Type           Power      Damage    Failure   Level
 Sandblast                Erth           4%         2d4       26%         1
 Passwall                 Tmut/Erth      1%         N/A       38%         2
 Stone Arrow              Conj/Erth      4%         3d7       63%         3


Dungeon Overview and Level Annotations

Branches:
Dungeon (7/15)
 Temple: D:4-7

Altars:
Elyvilon
Vehumet
Wu Jian

Shops:
D:3 *   D:5 *

Annotations:
D:2 exclusion: downstairs
D:3 exclusion: downstairs
D:5 exclusions: downstairs and 2 upstairs
D:6 exclusions: downstairs and upstairs


Innate Abilities, Weirdness & Mutations

You cannot be hasted, slowed, berserked, paralysed or teleported.
You can dig through walls and to a lower floor.
You have a pair of large antennae on your head. (SInv)
Your four strong arms can wield two-handed weapons with a shield.


Message History

The ball of steam misses you.
You open the door.
You are engulfed in a cloud of scalding steam.
Found a white potion and 13 gold pieces.
There is an open door here.
You see here a white potion.
You open the door.
The steam dragon attacks as you move away!
The steam dragon closely misses you. The steam dragon claws you.
There is an open door here.
The steam dragon attacks as you move away!
The steam dragon bites you.
* * * LOW HITPOINT WARNING * * *
The steam dragon claws you.
* * * LOW HITPOINT WARNING * * *
The steam dragon breathes steam at you. The ball of steam misses you.
You hear a shout!
Unknown command.
Unknown command.
Okay, then.
Unknown command.
Unknown command.
You feel better.
You are engulfed in a cloud of scalding steam.
* * * LOW HITPOINT WARNING * * *
You extend your mandibles.
Unknown command.
Unknown command.
Unknown command.
Are you sure you want to shaft yourself?
You are engulfed in a cloud of scalding steam.
* * * LOW HITPOINT WARNING * * *
The steam dragon bites you.
* * * LOW HITPOINT WARNING * * *
The steam dragon claws you.
* * * LOW HITPOINT WARNING * * *
You begin to dig a shaft.
You continue digging a shaft.
You are engulfed in a cloud of scalding steam.
You die...

########## #...)....#
#.######.# #.#
#.################## #.#
####................?.# #.#
#..........##########.### #.#
#.########........# #.... #.#
#.# #..#####.# ##### #.# #.#
##.#####.# #.# #.# #.#.'...#
#.# #.# #######'#.###.#######
#.###.###....##.....#........
#.....h.§.##+##.....##.######
#####.###.#...#.....##..# #.#
#§#§..#+#.#####.#
##.###§§.....#.+...'.#
#..§.###h.(#####...#######
#.<#@#.'...+ #.......#.'..
#..#D#.##### #+#...#+#.###
#..#h!...#{ { #...#.....#
#+##.....+{{ { ##+##.....+
#.....#{ { #.....# #+#.###
#+#.### #.+ #.'.. ### ###..
#.... #+#.. #.. ##+ #. #+###
#.... ####. #. #+####.
#......


You could see a steam dragon and a black bear.

Vanquished Creatures
  6 gnolls
  An adder (D:2)
  A dart slug (D:2)
  5 endoplasms
  4 giant cockroaches
  4 hobgoblins
  10 kobolds
  4 quokkas
  10 ball pythons
  13 bats
  7 frilled lizards
  4 goblins
  8 rats
77 creatures vanquished.

Notes
Turn   | Place    | Note
-------+----------+-------------------------------------------
     0 | D:5      | petzl the Formicid Delver began the quest for the Orb.
     0 | D:5      | Reached XP level 1. HP: 18/18 MP: 1/1
    23 | D:6      | Noticed a water moccasin
    85 | D:6      | Noticed an orc warrior
   185 | D:4      | Noticed a hound
   186 | D:4      | Found a radiant altar of Vehumet.
   188 | D:4      | Noticed a hound
   251 | D:2      | Reached skill level 1 in Spellcasting
   255 | D:2      | Reached XP level 2. HP: 11/24 MP: 2/4
   603 | D:2      | Reached XP level 3. HP: 28/29 MP: 6/6
  1019 | D:1      | Reached XP level 4. HP: 33/35 MP: 8/8
  1132 | D:1      | Found a faded altar of an unknown god.
  2224 | D:3      | Found Detuc's Assorted Antiques.
  2248 | D:3      | Bought a scroll labelled KOEFYR PIGO for 26 gold pieces
  2248 | D:3      | Bought a murky sapphire potion for 23 gold pieces
  2248 | D:3      | Bought a scroll labelled FAKLUF WI VYV for 26 gold pieces
  2430 | D:3      | You fall into a shaft and drop 1 floor!
  2430 | D:4      | Found a white marble altar of Elyvilon.
  2602 | D:3      | Found an ornate altar of the Wu Jian Council.
  2960 | D:4      | Noticed a phantom
  3160 | D:2      | Reached skill level 1 in Ranged Weapons
  3194 | D:2      | Reached XP level 5. HP: 25/41 MP: 10/10
  3954 | D:3      | You fall into a shaft and drop 2 floors!
  4026 | D:5      | Found Giaga's Gadget Gallery.
  4049 | D:7      | Noticed a kobold brigand
  4394 | D:6      | Noticed a steam dragon
  4394 | D:6      | Noticed a black bear
  4412 | D:6      | HP: 2/41 [steam dragon (5)]
  4413 | D:6      | Engulfed by a steam dragon's steam

Illustrated notes

Levels and vault maps discovered:
D:1:      eino_arrival_water_star, layout_basic,
          hellmonk_ecumenical_altar_leap_of_faith
D:2:      layout_loops_ring, grunt_decor_one_mirror,
          chequers_serial_rivers_marsh, eino_tiny_chamber
D:3:      layout_loops_ring, nicolae_overflow_crystal_walls, serial_shops, shop,
          nrook_campfire
D:4:      layout_cave_pools, mainiacjoe_overflow_cross_hatched,
          mainiacjoe_overflow_alcove_2, ebering_ghost_disaster_area,
          serial_shops, shop, nicolae_shop_stone
D:5:      layout_layer_cave, tgw_sif, kennysheep_mini, nicolae_shop_gadgets
D:6:      nicolae_cairo_tiling_large, layout_loops_ring,
          gammafunk_ghost_stat_death
D:7:      layout_rooms, nicolae_dithmenos_shadow_blocks, okawaru_gym_becter,
          minmay_temple_entry_gardened_gates, uniq_prince_ribbit1, uniq_menkaure

Skill      XL: |  1  2  3  4  5 |
---------------+----------------+-----
Spellcasting   | 1 2 3 4 |  4.2
Ranged Weapons | 1 |  1.8
Fighting       | |  3.2
Maces & Flails | |  2.0
Dodging        | |  1.7
Stealth        | |  6.0

Action                     |  1- 3 |  4- 6 || total
---------------------------+-------+-------++-------
  Melee: Mace              |   109 |    19 ||   128
         Punch             |     1 |       ||     1
         Whip              |       |    28 ||    28
   Fire: Sling             |       |    84 ||    84
Ability: Shaft Self        |       |     3 ||     3
         Dig               |       |     2 ||     2
    Use: Scroll            |     1 |     4 ||     5
         Potion            |       |     1 ||     1
   Stab: Sleeping          |     7 |     1 ||     8
 Armour: Leather armour    |    44 |    17 ||    61
  Dodge: Dodged            |    91 |    80 ||   171
  Block: Other             |       |    19 ||    19

Table legend: (Time is in decaauts)
 A = Elapsed time spent in this place.
 B = Non-inter-level travel time spent in this place.
 C = Inter-level travel time spent in this place.
 D = Time resting spent in this place.
 E = Time spent auto-exploring this place.
 F = Levels seen in this place.
 G = Mean time per level.
                   A        B        C        D        E       F      G
               +--------+--------+--------+--------+--------+-----+--------+
         Total |   4491 |   3943 |    548 |    673 |   1590 |   7 |  641.6 |
       Dungeon |   4491 |   3943 |    548 |    673 |   1590 |   7 |  641.6 |
               +--------+--------+--------+--------+--------+-----+--------+

Top non-repeatable levels by time:
     D:3: 1428 daAuts
     D:2: 1383 daAuts
     D:1: 917 daAuts
     D:6: 445 daAuts
     D:5: 169 daAuts
     D:4: 121 daAuts
     D:7: 25 daAuts
